[Event "Titled Tuesday Blitz July 6 2021"]
[White "Bilych, Olexiy"]
[Black "Maghsoodloo, Parham"]
[WhiteFideId "14156504"]
[BlackFideId "12539929"]
[WhiteElo "2246"]
[BlackElo "2601"]
[Result "0-1"]
[Round "06"]
[TimeControl "180+1"]
[Date "2021.07.06"]
[WhiteClock "0:00:11"]
[BlackClock "0:00:34"]

1. d4 Nf6 2. c4 e6 3. Nf3 d5 4. g3 Be7 5. Bg2 O-O 6. O-O dxc4 7. Ne5 a5 8. Na3 a4 9. Naxc4 Ra6 10. Bf4 Nd5 11. Rc1 b5 12. Ne3 Nxf4 13. gxf4 Rd6 14. d5 exd5 15. Nxd5 c6 16. Nxc6 Nxc6 17. Rxc6 Rxc6 18. Nxe7+ Qxe7 19. Bxc6 Qf6 20. Qd5 Qxb2 21. Qxb5 Qxa2 22. Bd5 Qd2 23. Ra1 Bh3 24. Bg2 Bd7 25. Qd5 Qb2 26. Qa2 Qf6 27. e3 Rb8 28. Rd1 Be8 29. Rd2 h6 30. Bd5 Qc3 31. Qc2 Qa5 32. Ba2 a3 33. Qc4 Qxd2 0-1


[Site "https://www.chess.com"]

[Event "Titled Tuesday Blitz July 6 2021"]
[White "Ciorgovean, Iustin"]
[Black "Maly, Alexey"]
[WhiteFideId "1242911"]
[BlackFideId "14103184"]
[WhiteElo "2075"]
[BlackElo "2285"]
[Result "1/2-1/2"]
[Round "06"]
[TimeControl "180+1"]
[Date "2021.07.06"]
[WhiteClock "0:00:50"]
[BlackClock "0:00:57"]

1. d4 d5 2. c4 dxc4 3. e3 Nf6 4. Bxc4 e6 5. Nf3 a6 6. O-O b5 7. Be2 Bb7 8. a4 b4 9. Nbd2 Nbd7 10. Nc4 c5 11. b3 Qc7 12. Bb2 Be7 13. Nfe5 O-O 14. Rc1 Rfd8 15. Bf3 Rac8 16. Qe2 Nxe5 17. Nxe5 Qb6 18. a5 Qa7 19. Rfd1 h6 20. h3 cxd4 21. Bxd4 Qa8 22. Rxc8 Rxc8 23. Bxb7 Qxb7 24. Bb6 Nd5 25. Qf3 Bf6 26. Nc4 Qc6 27. Qe4 g6 28. g3 h5 29. h4 Kg7 30. Rd3 Bc3 31. Ne5 Qb5 32. Nc4 Qc6 33. Bd4+ Bxd4 34. Qxd4+ Kg8 1/2-1/2


[Site "https://www.chess.com"]

[Event "Titled Tuesday Blitz July 6 2021"]
[White "Costachi, Mihnea"]
[Black "Kubatko, Ivan"]
[WhiteFideId "1217518"]
[BlackFideId "24111473"]
[WhiteElo "2482"]
[BlackElo "2285"]
[Result "1-0"]
[Round "06"]
[TimeControl "180+1"]
[Date "2021.07.06"]
[WhiteClock "0:00:55"]
[BlackClock "0:00:02"]

1. d4 d5 2. c4 e6 3. Nc3 c5 4. cxd5 cxd4 5. Qa4+ Bd7 6. Qxd4 exd5 7. Qxd5 Nc6 8. Nf3 Nf6 9. Qb3 Bc5 10. g3 Ng4 11. e3 Nge5 12. Be2 Bh3 13. Nxe5 Nxe5 14. Qb5+ Nd7 15. Ne4 Be7 16. Qh5 Bg2 17. Bf3 g6 18. Qg4 f5 19. Qf4 Bxf3 20. Qxf3 fxe4 21. Qxe4 Nc5 22. Qc4 a6 23. O-O b5 24. Qf4 Rf8 25. Qh6 Qd5 26. e4 Nxe4 27. Qxh7 Qf7 28. Qh3 Qf5 29. Qg2 Qf3 30. Be3 Qxg2+ 31. Kxg2 O-O-O 32. Rac1+ Kb7 33. f3 Nd2 34. Rf2 Nc4 35. Bh6 Rf7 36. b3 Nb6 37. Re1 Bc5 38. Rfe2 Rfd7 39. Re6 Rd6 40. h4 Rxe6 41. Rxe6 Rd6 42. Re7+ Kc6 43. Bf4 Rd1 44. Re6+ Kb7 45. Rxg6 Nd5 46. Bg5 Be3 47. f4 Rd2+ 48. Kf3 Bg1 49. a4 bxa4 50. bxa4 Nc3 51. h5 Rd3+ 52. Kg4 Bf2 53. Bh4 Ne4 54. h6 Bxg3 55. h7 Nf2+ 56. Kh5 Rd5+ 57. Bg5 Bxf4 58. Rg7+ Kc6 59. h8=Q Bxg5 60. Qa8+ Kc5 61. Qa7+ Kc4 62. Qxa6+ Kb3 63. Rxg5 Rxg5+ 64. Kxg5 1-0


[Site "https://www.chess.com"]

[Event "Titled Tuesday Blitz July 6 2021"]
[White "Cunjalo, Faris"]
[Black "Andreikin, Dmitry"]
[WhiteFideId "14410710"]
[BlackFideId "4158814"]
[WhiteElo "2234"]
[BlackElo "2782"]
[Result "0-1"]
[Round "06"]
[TimeControl "180+1"]
[Date "2021.07.06"]
[WhiteClock "0:00:00"]
[BlackClock "0:00:12"]

1. d4 d5 2. c4 dxc4 3. e3 e5 4. Bxc4 Nc6 5. Nf3 e4 6. Nfd2 Qg5 7. Bf1 Nf6 8. Nc3 Bf5 9. g3 O-O-O 10. Bg2 Qg6 11. a3 h5 12. h4 Bd6 13. Nc4 Ng4 14. Nxd6+ Rxd6 15. Ne2 Nce5 16. Nf4 Qh6 17. Bd2 Rhd8 18. Rc1 Nf3+ 19. Bxf3 exf3 20. Qxf3 Qh7 21. Qe2 Kb8 22. f3 Nf6 23. O-O Bc8 24. Bc3 Qg8 25. e4 g5 26. hxg5 Qxg5 27. Qh2 Rg8 28. Kf2 Bg4 29. Qh4 Qb5 30. e5 Bxf3 31. Kxf3 Qc6+ 32. Ke2 Qe4+ 33. Kd2 Qxe5 34. Kc2 Qe4+ 35. Nd3 Qe2+ 36. Bd2 Rc6+ 37. Nc5 Ne4 38. Kb3 Nxd2+ 0-1


[Site "https://www.chess.com"]

[Event "Titled Tuesday Blitz July 6 2021"]
[White "Dang, Hoang Son"]
[Black "Golubev, Mikhail"]
[WhiteFideId "12402435"]
[BlackFideId "14100983"]
[WhiteElo "2248"]
[BlackElo "2374"]
[Result "0-1"]
[Round "06"]
[TimeControl "180+1"]
[Date "2021.07.06"]
[WhiteClock "0:00:03"]
[BlackClock "0:00:20"]

1. d4 d6 2. Nc3 Nf6 3. e4 g6 4. Bg5 Bg7 5. e5 Nfd7 6. f4 h6 7. Bh4 g5 8. fxg5 hxg5 9. Bxg5 dxe5 10. Nd5 Nc6 11. Bb5 f6 12. Qd3 Nxd4 13. O-O-O Nxb5 14. Qxb5 c6 15. Qd3 cxd5 16. Qxd5 fxg5 17. Nf3 Qb6 18. Nxg5 Bh6 19. h4 Bxg5+ 20. hxg5 Rxh1 21. Rxh1 Nf8 22. Qxe5 Be6 23. b3 O-O-O 24. Kb1 Qd4 25. Qa5 Rd5 26. Qa3 Qc5 27. Qa4 Bf5 28. Rc1 Ng6 29. g4 Bd7 30. Qe4 Rxg5 31. Rf1 Rxg4 32. Qe2 Rg1 33. Kb2 Rxf1 34. Qxf1 Qe5+ 35. c3 Qf6 36. Qc4+ Bc6 37. Qg8+ Kc7 38. a4 Ne5 39. Qg3 Qd6 40. Qe3 a5 41. Qg1 Qd2+ 42. Ka3 Qxc3 43. Qh2 Kb6 44. Qf2+ Ka6 45. Qe2+ b5 46. axb5+ Bxb5 47. Qd1 Nc4+ 0-1


[Site "https://www.chess.com"]

[Event "Titled Tuesday Blitz July 6 2021"]
[White "Deepan Chakkravarthy J."]
[Black "Salem, A.R. Saleh"]
[WhiteFideId "5011132"]
[BlackFideId "9301348"]
[WhiteElo "2490"]
[BlackElo "2642"]
[Result "1/2-1/2"]
[Round "06"]
[TimeControl "180+1"]
[Date "2021.07.06"]
[WhiteClock "0:00:05"]
[BlackClock "0:00:06"]

1. e4 c5 2. Nf3 d6 3. d4 cxd4 4. Nxd4 Nf6 5. Nc3 a6 6. Nb3 e6 7. g4 h6 8. h4 b5 9. f3 b4 10. Ne2 Nc6 11. Be3 d5 12. exd5 Nxd5 13. Bf2 Be7 14. Qd2 O-O 15. Ned4 Nxd4 16. Nxd4 Bd6 17. Bd3 Bb7 18. Ne2 Qf6 19. Be4 Qxb2 20. Bd4 Qa3 21. h5 Rad8 22. g5 e5 23. gxh6 Nf4 24. Nxf4 Bxe4 25. fxe4 exd4 26. Nd3 Qc3 27. Qxc3 bxc3 28. hxg7 Rfe8 29. Nf2 Kxg7 30. Ke2 Rb8 31. Rag1+ Kh8 32. Kd3 Rb2 33. Ng4 f5 34. exf5 Rb5 35. Nf6 Rf8 36. Rg6 Rxf5 37. Ne4 Bf4 38. Rhg1 Be3 39. h6 Bxg1 40. Rxg1 Rf4 41. Rg6 Re8 42. Nf6 Re3+ 43. Kc4 d3+ 44. Kxc3 dxc2+ 45. Kxc2 Rf2+ 46. Kd1 Rxf6 47. Rxf6 Ra3 48. Rf2 Kh7 49. Rh2 Ra4 50. Kc1 Rf4 51. Kb2 Rf6 52. Kb3 Rf5 53. Kb4 Rb5+ 54. Kc4 Ra5 55. Kb4 Rb5+ 56. Kc4 Ra5 57. Kb4 Rb5+ 1/2-1/2


[Site "https://www.chess.com"]

[Event "Titled Tuesday Blitz July 6 2021"]
[White "Dubov, Daniil"]
[Black "Obregon, Andres Carlos"]
[WhiteFideId "24126055"]
[BlackFideId "111724"]
[WhiteElo "2722"]
[BlackElo "2572"]
[Result "1-0"]
[Round "06"]
[TimeControl "180+1"]
[Date "2021.07.06"]
[WhiteClock "0:00:16"]
[BlackClock "0:00:29"]

1. d4 d5 2. c4 e6 3. Nf3 Nf6 4. g3 Bb4+ 5. Nbd2 O-O 6. Bg2 b6 7. cxd5 exd5 8. O-O Re8 9. Ne5 Bd6 10. Ndc4 Bf8 11. Bf4 Bb7 12. Rc1 Na6 13. Ne3 h6 14. h4 c5 15. dxc5 Nxc5 16. Nf3 Nfe4 17. Be5 a5 18. Bd4 Ne6 19. Rc2 Nxd4 20. Nxd4 Nxg3 21. fxg3 Rxe3 22. Nf5 Re6 23. Rd2 Qc7 24. Kh2 Rae8 25. Rc2 Qb8 26. Qd4 Rxe2 27. Rxe2 Rxe2 28. Nxh6+ Kh7 29. Nxf7 Qe8 30. Ng5+ Kg8 31. Qd3 g6 32. Rf6 d4 33. Rxg6+ Bg7 34. Rxg7+ Kxg7 35. Qh7+ Kf6 36. Qxb7 d3 37. Qxb6+ Kg7 38. Qd4+ Kg8 39. Qxd3 Qe5 40. Qh7+ 1-0


[Site "https://www.chess.com"]

[Event "Titled Tuesday Blitz July 6 2021"]
[White "Dzhaparov, Medet"]
[Black "Villegas, Pierre"]
[WhiteFideId "13803689"]
[BlackFideId "654183"]
[WhiteElo "1702"]
[BlackElo "2411"]
[Result "0-1"]
[Round "06"]
[TimeControl "180+1"]
[Date "2021.07.06"]
[WhiteClock "0:00:05"]
[BlackClock "0:00:31"]

1. d4 d5 2. c4 e6 3. Nc3 a6 4. cxd5 exd5 5. Nf3 Nf6 6. Bg5 Be6 7. e3 Nbd7 8. Bd3 Bd6 9. Qc2 h6 10. Bf4 Qe7 11. O-O O-O 12. h3 Rfe8 13. a3 Rac8 14. b4 b5 15. Nd2 Nb6 16. Nb3 Bxf4 17. exf4 Qd6 18. f5 Bd7 19. Nc5 Nc4 20. g3 Re7 21. a4 Rce8 22. axb5 axb5 23. Kg2 Nh5 24. Bxc4 dxc4 25. Rad1 Nf6 26. d5 Re5 27. g4 Nxd5 28. Nxd5 Rxd5 29. f3 Bc6 30. Rde1 Rd2+ 0-1


[Site "https://www.chess.com"]

[Event "Titled Tuesday Blitz July 6 2021"]
[White "Espinosa Veloz, Ermes"]
[Black "Travadon, Loic"]
[WhiteFideId "3507424"]
[BlackFideId "26092131"]
[WhiteElo "2333"]
[BlackElo "2095"]
[Result "1-0"]
[Round "06"]
[TimeControl "180+1"]
[Date "2021.07.06"]
[WhiteClock "0:01:20"]
[BlackClock "0:02:32"]

1. e4 g6 2. d4 Bg7 3. Nc3 d6 4. Be3 e6 5. h3 Ne7 6. Nf3 a6 7. a4 b6 8. Qd2 h6 9. Bd3 Bb7 10. O-O Nd7 11. Rfe1 Kf8 12. Nh2 Nc6 13. d5 Nce5 14. Bf1 exd5 15. exd5 Nf6 16. f4 Ned7 17. Bd4 a5 18. Bb5 Nc5 19. Re2 Qc8 20. Rae1 Qf5 21. g4 Qc8 22. Re7 Kg8 23. Bxf6 Bxf6 24. Re8+ Qxe8 25. Rxe8+ Rxe8 26. Bxe8 Kg7 27. Bb5 g5 28. Nf1 gxf4 29. Qxf4 Be5 30. Qf3 Bc8 31. Ng3 Rg8 32. Nf5+ Kh7 33. Ne4 Nxe4 34. Qxe4 Bxf5 35. Qxf5+ Kg7 36. Bd3 Kf8 37. c3 Ke7 38. Bb5 h5 39. Qxh5 Rh8 40. Qf5 Rxh3 41. Qd7+ Kf6 42. Qxc7 Bf4 43. Be8 Kg5 44. Qxf7 Kh4 45. Kg2 Rh2+ 46. Kf3 Bg3 47. Qh5# 1-0


[Site "https://www.chess.com"]

[Event "Titled Tuesday Blitz July 6 2021"]
[White "Galego, Luis"]
[Black "Mezentsev, Ivan"]
[WhiteFideId "1900072"]
[BlackFideId "13706195"]
[WhiteElo "2524"]
[BlackElo "2295"]
[Result "1-0"]
[Round "06"]
[TimeControl "180+1"]
[Date "2021.07.06"]
[WhiteClock "0:00:54"]
[BlackClock "0:00:28"]

1. e4 c5 2. Nf3 e6 3. d4 cxd4 4. Nxd4 a6 5. Bd3 Nf6 6. O-O Qc7 7. c4 h5 8. h3 Bc5 9. Be3 d6 10. Nc3 Nc6 11. Nc2 b6 12. Rc1 Bb7 13. a3 Bxe3 14. Nxe3 g5 15. Ncd5 Qd8 16. Nxf6+ Qxf6 17. b4 Ne5 18. Bc2 g4 19. Qxd6 gxh3 20. Ba4+ b5 21. cxb5 Rd8 22. bxa6+ Bc6 23. Bxc6+ Nxc6 24. Qxc6+ Kf8 25. Qc3 e5 26. Nd5 Qg5 27. Qxh3 Rg8 28. a7 Kg7 29. Qg3 Qxg3 30. fxg3 1-0


[Site "https://www.chess.com"]

[Event "Titled Tuesday Blitz July 6 2021"]
[White "Garcia Blanco, Omar"]
[Black "Harshavardhan G B"]
[WhiteFideId "2287153"]
[BlackFideId "25059009"]
[WhiteElo "2273"]
[BlackElo "1825"]
[Result "0-1"]
[Round "06"]
[TimeControl "180+1"]
[Date "2021.07.06"]
[WhiteClock "0:00:03"]
[BlackClock "0:00:06"]

1. d4 Nf6 2. c4 e5 3. dxe5 Ng4 4. Nf3 Bc5 5. e3 Nc6 6. Be2 Ngxe5 7. O-O O-O 8. Nc3 a5 9. b3 Ra6 10. Bb2 Nxf3+ 11. Bxf3 Ne5 12. Be2 Re6 13. Ne4 Ba7 14. Ng3 Qh4 15. Nf5 Qg5 16. Nd4 Rg6 17. g3 Nc6 18. Nb5 Bb6 19. Qd5 Qe7 20. Bd3 Rh6 21. Qe4 Qg5 22. Qf5 Qd8 23. Qg4 f6 24. Qf4 d6 25. Be4 Ne5 26. Rad1 Qe8 27. Bg2 Qh5 28. h4 Bg4 29. f3 Be6 30. Bd4 g5 31. Qe4 f5 32. Qc2 gxh4 33. Bxb6 hxg3 34. Rfe1 Qh2+ 35. Kf1 cxb6 36. Rxd6 f4 37. exf4 Nxf3 0-1


[Site "https://www.chess.com"]

[Event "Titled Tuesday Blitz July 6 2021"]
[White "Grebeniuk, Semen"]
[Black "Leve, Nitai"]
[WhiteFideId "14117509"]
[BlackFideId "2006898"]
[WhiteElo "2232"]
[BlackElo "2144"]
[Result "1-0"]
[Round "06"]
[TimeControl "180+1"]
[Date "2021.07.06"]
[WhiteClock "0:00:10"]
[BlackClock "0:00:08"]

1. d4 e6 2. Nf3 f5 3. Bg5 Nf6 4. c4 b6 5. g3 Bb7 6. Bg2 d5 7. Ne5 Nbd7 8. O-O Be7 9. Nd3 Rb8 10. Nc3 dxc4 11. Bxb7 Rxb7 12. Nf4 Nf8 13. Qa4+ Qd7 14. Qxc4 h6 15. Bxf6 Bxf6 16. Rfd1 Bg5 17. d5 e5 18. Ne6 Kf7 19. e4 Nxe6 20. dxe6+ Qxe6 21. Qa6 Rbb8 22. exf5 Qxf5 23. Qxa7 Rbc8 24. Nb5 Kg6 25. Rf1 Rhf8 26. Qb7 Qd3 27. Nc3 Kh7 28. Rad1 Qc2 29. Qe4+ Qxe4 30. Nxe4 Rcd8 31. Kg2 Be7 32. f3 Kg6 33. Kf2 Kf5 34. Ke2 g5 35. g4+ Kf4 36. Nf2 e4 37. Nxe4 Bb4 38. a3 Be7 39. Rxd8 Rxd8 40. Nf2 Ke5 41. Nd3+ Kd4 42. Rd1 Rd6 43. Nf2+ Kc4 44. Rxd6 Bxd6 45. Ne4 Bxh2 46. Kd2 Kb3 47. Kc1 Be5 48. Nd2+ Ka2 49. Nc4 Bd4 50. a4 c6 51. Kc2 b5 52. axb5 cxb5 53. Nd6 b4 54. b3 Bc3 55. Nf5 Bf6 56. Nxh6 Be5 57. Nf5 Bf4 58. Ne7 Be5 59. Nd5 Bd6 60. Ne3 Bf4 61. Nc4 Bd6 62. Nxd6 Ka1 63. Ne4 Ka2 64. Nxg5 1-0


[Site "https://www.chess.com"]

[Event "Titled Tuesday Blitz July 6 2021"]
[White "Howell, David W L"]
[Black "Khusnutdinov, Rustam"]
[WhiteFideId "410608"]
[BlackFideId "13701703"]
[WhiteElo "2643"]
[BlackElo "2571"]
[Result "1-0"]
[Round "06"]
[TimeControl "180+1"]
[Date "2021.07.06"]
[WhiteClock "0:02:17"]
[BlackClock "0:02:35"]

1. e4 e6 2. d4 d5 3. Nc3 Nf6 4. Bg5 Be7 5. e5 Nfd7 6. h4 Nc6 7. Nf3 Nb6 8. Bd3 Bd7 9. a3 f6 10. exf6 gxf6 11. Bh6 Bd6 12. Ng5 Qe7 13. Qh5+ Kd8 14. Nf7+ Kc8 15. Nxh8 Be8 16. Qg4 1-0


[Site "https://www.chess.com"]

[Event "Titled Tuesday Blitz July 6 2021"]
[White "Hryshchenko, Kamila"]
[Black "Elgersma, Onno"]
[WhiteFideId "14147491"]
[BlackFideId "1053531"]
[WhiteElo "1966"]
[BlackElo "2485"]
[Result "0-1"]
[Round "06"]
[TimeControl "180+1"]
[Date "2021.07.06"]
[WhiteClock "0:00:06"]
[BlackClock "0:00:10"]

1. e4 c5 2. Nf3 e6 3. Be2 Nc6 4. d4 cxd4 5. Nxd4 a6 6. Nc3 Nf6 7. Nxc6 bxc6 8. e5 Nd5 9. Ne4 Qc7 10. c4 Qxe5 11. cxd5 Qxe4 12. dxe6 fxe6 13. O-O Bc5 14. Bd3 Qh4 15. g3 Qh3 16. b4 Ba7 17. Qf3 d5 18. Bb2 Rf8 19. Qe2 Bd7 20. Rae1 Rf7 21. Bxa6 Kf8 22. Bd3 Kg8 23. a4 Raf8 24. Be5 Rxf2 25. Rxf2 Rxf2 26. Qxf2 Bxf2+ 27. Kxf2 Qxh2+ 28. Kf3 c5 29. bxc5 d4 30. Be4 Qh5+ 31. g4 Qh3+ 32. Bg3 e5 33. c6 Qxg4+ 34. Kf2 Be6 35. Bxe5 h5 36. c7 h4 37. Bf3 Qf5 38. Bxd4 h3 39. Re5 Qc2+ 40. Kg3 Bd7 41. Re7 Qg6+ 42. Kf2 Qc2+ 43. Be2 Qxc7 44. Rxg7+ Kf8 45. Bf3 Qf4 46. Rxd7 h2 47. Bc5+ Ke8 48. Re7+ Kd8 49. Re1 Qd2+ 50. Re2 Qc3 51. Be3 Qf6 52. Rd2+ Ke8 53. Bd4 Qxf3+ 54. Kxf3 h1=Q+ 55. Ke3 Qa8 56. Kd3 Kd7 57. Ra2 Qf3+ 58. Kc4 Qf7+ 59. Kb4 Qxa2 60. a5 Kc6 61. Bb6 Qb2+ 62. Kc4 Qb5+ 63. Kd4 Qd5+ 64. Ke3 Kb5 65. Kf4 Kc4 66. a6 Qd6+ 67. Ke3 Qxb6+ 0-1


[Site "https://www.chess.com"]

[Event "Titled Tuesday Blitz July 6 2021"]
[White "Ibrahimli, Murad"]
[Black "Novikov, Evgenij"]
[WhiteFideId "13410229"]
[BlackFideId "4125380"]
[WhiteElo "2109"]
[BlackElo "2242"]
[Result "1/2-1/2"]
[Round "06"]
[TimeControl "180+1"]
[Date "2021.07.06"]
[WhiteClock "0:00:24"]
[BlackClock "0:00:03"]

1. e4 c5 2. Nf3 d6 3. d4 cxd4 4. Nxd4 Nf6 5. Nc3 a6 6. Rg1 e6 7. g4 h6 8. h4 g6 9. g5 hxg5 10. Bxg5 Be7 11. Qd2 Nc6 12. O-O-O Qb6 13. Nb3 Bd7 14. Be2 Qc7 15. f4 O-O-O 16. Bf3 Be8 17. Kb1 Nh5 18. Bxe7 Qxe7 19. Rg5 Nf6 20. Qf2 Nd7 21. a3 f6 22. Rgg1 Bf7 23. e5 d5 24. exf6 Qxf6 25. Rg4 Rh6 26. Na4 Rdh8 27. Nb6+ Nxb6 28. Qxb6 Qd8 29. Qc5 Rxh4 30. c4 Rxg4 31. Bxg4 Kb8 32. cxd5 exd5 33. Be2 Qf6 34. Qb6 Rh2 35. Rd2 Qxf4 36. Bxa6 Rh1+ 37. Ka2 Qc7 38. Qb5 d4 39. Rf2 Ka7 40. Bxb7 Bxb3+ 41. Qxb3 Qxb7 42. Qa4+ Qa6 43. Rf7+ Kb6 44. Qb3+ Kc5 45. Rd7 Qc4 46. Qxc4+ Kxc4 47. Rd6 Kc5 48. Rxg6 d3 49. Rg5+ Kc4 50. b3+ Kc3 51. Rc5+ Kd2 52. Rxc6 Rh2 53. a4 Ke3+ 54. Ka3 d2 55. Re6+ Kd3 56. Rd6+ Kc2 57. a5 d1=Q 58. Rxd1 Kxd1 59. b4 Kd2 60. Ka4 Kc3 61. Kb5 Rh4 62. a6 Rxb4+ 63. Kc6 Rb1 64. a7 Ra1 65. Kb7 Rxa7+ 66. Kxa7 1/2-1/2


[Site "https://www.chess.com"]

[Event "Titled Tuesday Blitz July 6 2021"]
[White "Jakubowski, Krzysztof"]
[Black "Kukhmazov, Arsen"]
[WhiteFideId "1112848"]
[BlackFideId "24108260"]
[WhiteElo "2462"]
[BlackElo "2453"]
[Result "1-0"]
[Round "06"]
[TimeControl "180+1"]
[Date "2021.07.06"]
[WhiteClock "0:00:04"]
[BlackClock "0:00:09"]

1. e4 c6 2. d4 d5 3. exd5 cxd5 4. Bd3 Nc6 5. c3 Qc7 6. Na3 a6 7. Nc2 e6 8. Nf3 Bd6 9. O-O Bd7 10. Re1 Nge7 11. Ne3 f6 12. c4 O-O-O 13. c5 Bf4 14. g3 Bh6 15. Nc2 Bxc1 16. Qxc1 e5 17. dxe5 fxe5 18. Bf1 Rdf8 19. Bg2 Bg4 20. Qe3 Bxf3 21. Bxf3 Kb8 22. Bg2 Nf5 23. Qd2 Ncd4 24. Nxd4 Nxd4 25. b4 Rd8 26. Rab1 Rhe8 27. a4 Qc6 28. b5 axb5 29. axb5 Qxc5 30. b6 Nc6 31. Rb2 Qd4 32. Qe2 e4 33. Ra1 Re6 34. Qb5 Qc4 35. Rba2 Kc8 36. Qxc4 dxc4 37. Bh3 Kd7 38. Rd2+ Ke7 39. Rxd8 Nxd8 40. Bxe6 Kxe6 41. Kf1 Nc6 42. Ke2 Kd5 43. Rd1+ Kc5 44. Rd7 Kxb6 45. Rxg7 Ka6 46. Rxh7 b5 47. h4 b4 48. Kd1 b3 49. h5 Kb5 50. Rb7+ Kc5 51. h6 1-0


[Site "https://www.chess.com"]

[Event "Titled Tuesday Blitz July 6 2021"]
[White "Janaszak, Dawid"]
[Black "Nitish Belurkar"]
[WhiteFideId "1119206"]
[BlackFideId "5084768"]
[WhiteElo "2332"]
[BlackElo "2306"]
[Result "1-0"]
[Round "06"]
[TimeControl "180+1"]
[Date "2021.07.06"]
[WhiteClock "0:01:01"]
[BlackClock "0:00:23"]

1. d4 d6 2. e4 Nf6 3. Nc3 g6 4. Bf4 Bg7 5. Qd2 O-O 6. O-O-O Nbd7 7. Bh6 c5 8. Nge2 b5 9. f3 Qa5 10. Bxg7 Kxg7 11. Kb1 b4 12. Nd5 Nxd5 13. exd5 c4 14. h4 c3 15. Qe3 Nb6 16. Nf4 Ba6 17. Qxe7 Bxf1 18. Nh5+ gxh5 19. Qg5+ Kh8 20. Qf6+ Kg8 21. Rh3 Bd3 22. Rxd3 Rfe8 23. Rg3+ Kf8 24. Qxd6+ Re7 25. Qh6+ Ke8 26. Rg8+ Kd7 27. Qc6# 1-0


[Site "https://www.chess.com"]

[Event "Titled Tuesday Blitz July 6 2021"]
[White "Jarovinsky, Alexey"]
[Black "Dan-Lowes"]
[WhiteFideId "14115131"]
[WhiteElo "2446"]
[BlackElo "2254"]
[Result "1-0"]
[Round "06"]
[TimeControl "180+1"]
[Date "2021.07.06"]
[WhiteClock "0:00:23"]
[BlackClock "0:01:01"]

1. Nc3 d5 2. e4 dxe4 3. Nxe4 Nf6 4. d3 Nxe4 5. dxe4 Qxd1+ 6. Kxd1 e5 7. Be3 Be6 8. Nf3 Nd7 9. Nd2 f6 10. Bc4 Bxc4 11. Nxc4 Bc5 12. Ke2 Bxe3 13. Kxe3 O-O-O 14. Rhd1 Nc5 15. b3 Ne6 16. c3 h5 17. h4 g5 18. hxg5 fxg5 19. Nxe5 Rde8 20. Nd3 h4 21. f3 Reg8 22. Rh1 g4 23. Nf4 Nxf4 24. Kxf4 gxf3 25. gxf3 Rg3 26. Rxh4 Rxf3+ 27. Kxf3 Rxh4 28. Rd1 Rh3+ 29. Kf4 Rxc3 30. e5 Rc2 31. e6 c6 32. e7 Rf2+ 33. Kg3 Re2 34. Rd8+ Kc7 35. e8=Q 1-0


[Site "https://www.chess.com"]

[Event "Titled Tuesday Blitz July 6 2021"]
[White "Kamsky, Gata"]
[Black "Vlachos, Anatole"]
[WhiteFideId "2000024"]
[BlackFideId "26093189"]
[WhiteElo "2644"]
[BlackElo "2350"]
[Result "1-0"]
[Round "06"]
[TimeControl "180+1"]
[Date "2021.07.06"]
[WhiteClock "0:00:18"]
[BlackClock "0:00:09"]

1. e4 g6 2. d4 Bg7 3. c3 d6 4. Nf3 Nd7 5. Bd3 e5 6. O-O Ngf6 7. Re1 O-O 8. Bg5 h6 9. Bh4 Qe8 10. Na3 a6 11. Nc4 Nh5 12. Ne3 Nf4 13. Bc2 b6 14. a4 a5 15. Bg3 Nh5 16. Bb3 Nxg3 17. hxg3 Ra7 18. dxe5 dxe5 19. Qc2 Nc5 20. Bc4 Bd7 21. b3 h5 22. Rad1 Bh6 23. Nd5 Kg7 24. Qb2 Rb7 25. Qc2 c6 26. Ne3 Qe7 27. Bf1 Be6 28. Nc4 f6 29. Nfd2 Ra8 30. Ne3 b5 31. axb5 cxb5 32. b4 axb4 33. cxb4 Ra2 34. Qxc5 1-0


[Site "https://www.chess.com"]

[Event "Titled Tuesday Blitz July 6 2021"]
[White "Khamrakulov, Djurabek"]
[Black "Siddharth, Jagadeesh"]
[WhiteFideId "14201143"]
[BlackFideId "5818320"]
[WhiteElo "2535"]
[BlackElo "2127"]
[Result "1-0"]
[Round "06"]
[TimeControl "180+1"]
[Date "2021.07.06"]
[WhiteClock "0:00:16"]
[BlackClock "0:00:07"]

1. d4 d5 2. Nf3 Nf6 3. g3 c5 4. Bg2 cxd4 5. Nxd4 e5 6. Nb3 Be6 7. O-O Be7 8. f4 exf4 9. Bxf4 O-O 10. Nc3 Nc6 11. Kh1 Qd7 12. e4 d4 13. Ne2 Rad8 14. e5 Ng4 15. Qd3 Ngxe5 16. Bxe5 Nxe5 17. Qxd4 Bxb3 18. Qxd7 Rxd7 19. cxb3 Rd2 20. Nc3 Ng4 21. Rae1 Bb4 22. Re4 Bxc3 23. Rxg4 Rxb2 24. Bxb7 Rxa2 25. Bd5 g6 26. Rgf4 Rd2 27. Bxf7+ Kg7 28. Be6 Rxf4 29. Rxf4 a5 30. Rf7+ Kh6 31. Rc7 Bb4 32. Bg8 Kg5 33. Bxh7 Rd1+ 34. Kg2 Rd2+ 35. Kh3 Rb2 36. Rc6 Kf5 37. Bxg6+ Ke5 38. Bf7 Bd6 39. Ra6 Bb4 40. Re6+ Kf5 41. g4+ Kg5 42. Re5+ Kf6 43. Rf5+ Kg7 44. g5 Bd6 45. Bc4 Rxh2+ 46. Kg4 Rg2+ 47. Kf3 Rg3+ 48. Kf2 Rc3 49. Rxa5 Be7 50. Re5 Bd6 51. Rf5 Kg6 52. Rf6+ Kxg5 53. Rxd6 Kf4 54. Ke2 Ke4 55. Kd2 Rh3 56. Rd3 Rh2+ 57. Kc3 Rh5 58. b4 Re5 59. b5 Kf5 60. Rd5 Ke6 61. Rxe5+ 1-0


[Site "https://www.chess.com"]

[Event "Titled Tuesday Blitz July 6 2021"]
[White "Kobo, Ori"]
[Black "Budiarti, Farah Yumna"]
[WhiteFideId "2812320"]
[BlackFideId "7107331"]
[WhiteElo "2431"]
[BlackElo "2517"]
[Result "1-0"]
[Round "06"]
[TimeControl "180+1"]
[Date "2021.07.06"]
[WhiteClock "0:01:25"]
[BlackClock "0:01:25"]

1. e4 c6 2. Nf3 d5 3. e5 Bg4 4. Be2 e6 5. O-O c5 6. c4 d4 7. d3 Nc6 8. Nbd2 Nge7 9. a3 Ng6 10. Re1 Bxf3 11. Nxf3 Ngxe5 12. Nxe5 Nxe5 13. b4 cxb4 14. Qa4+ Qd7 15. axb4 Bd6 16. Bb2 Nc6 17. c5 1-0


[Site "https://www.chess.com"]

[Event "Titled Tuesday Blitz July 6 2021"]
[White "Koellner, Ruben Gideon"]
[Black "Svane, Frederik"]
[WhiteFideId "12993093"]
[BlackFideId "12923044"]
[WhiteElo "2535"]
[BlackElo "2459"]
[Result "1-0"]
[Round "06"]
[TimeControl "180+1"]
[Date "2021.07.06"]
[WhiteClock "0:00:29"]
[BlackClock "0:00:02"]

1. d4 Nf6 2. Bg5 e6 3. Nd2 c5 4. e3 cxd4 5. exd4 b6 6. Ngf3 Bb7 7. Bd3 Be7 8. c3 O-O 9. Bxf6 Bxf6 10. Qe2 Nc6 11. h4 d5 12. O-O-O Re8 13. g4 e5 14. dxe5 Nxe5 15. Nxe5 Bxe5 16. Qf3 Qc7 17. Rhe1 d4 18. Be4 dxc3 19. bxc3 Bxe4 20. Nxe4 Rac8 21. Rd3 Qc4 22. Kb2 b5 23. Nd2 Qb4+ 24. Nb3 Rxc3 25. Rxe5 Rxb3+ 26. axb3 Rxe5 27. Rd8+ Qf8 28. Rxf8+ Kxf8 29. Qa8+ Re8 30. Qxa7 g6 31. Qc5+ 1-0


[Site "https://www.chess.com"]

[Event "Titled Tuesday Blitz July 6 2021"]
[White "Korchmar, Vasiliy"]
[Black "Koelle, Tobias"]
[WhiteFideId "24131750"]
[BlackFideId "16207378"]
[WhiteElo "2370"]
[BlackElo "2364"]
[Result "0-1"]
[Round "06"]
[TimeControl "180+1"]
[Date "2021.07.06"]
[WhiteClock "0:01:01"]
[BlackClock "0:01:26"]

1. e4 c6 2. Nc3 g6 3. d4 Bg7 4. h4 h5 5. Be3 d5 6. e5 Nh6 7. Qd2 Nf5 8. Bf4 a5 9. O-O-O b5 10. Nf3 a4 11. a3 Na6 12. Na2 Qb6 13. Ng5 Nc7 14. Nb4 Ne6 15. Nxe6 Bxe6 16. c3 c5 17. dxc5 Qxc5 18. Nxd5 O-O-O 19. Qe2 Bxd5 20. Qxb5 Qxb5 21. Bxb5 Bb3 22. Rxd8+ Rxd8 23. f3 Nxh4 24. Bg5 Nxg2 25. Bxe7 Bh6+ 26. Kb1 Rd2 27. c4 Ne3 28. c5 Nd1 29. c6 Rxb2+ 30. Ka1 Ra2+ 31. Kb1 Nc3# 0-1


[Site "https://www.chess.com"]